AoeStats
← NWII_WAR_OmniManco

Arena

510246963Analyzed
2v2 RM · 1d ago on Sep 30, 2026· 37m 6s· 4 players
Game mode
Random Map
Map size
Medium (4 player)
Population
200
Speed
Normal
Resources
Standard
Victory
Conquest
Starting age
Dark Age
Ending age
Imperial Age
RankedLock teamsTeams togetherTeam positionsShared explorationLock speedFull tech treeHidden civsTurbo modeCheats
Victory
Defeat
🇻🇳 Wu · Vietnam
1315
+11
🇨🇳 Persians · China
1308
+11
🇨🇴 Malians · Colombia
1217
-12
🇬🇧 Bohemians · United Kingdom
1184
-10
NWII_WAR_OmniManco
10:35 Feudal Age
14:13 Castle Age
12:29 Double-Bit Axe
15:14 Bow Saw
16:11 Wheelbarrow
18:37 Horse Collar
20:48 Hand Cart
20:18 Town Watch
25:03 Heavy Plow
24:55 Gold Mining
26:31 Gold Shaft Mining
25:57 Town Patrol
32:29 Imperial Age
30:32 Bloodlines
30:22 Husbandry
30:29 Scale Barding Armor
30:59 Forging
30:46 Stone Mining
32:37 Iron Casting
33:09 Chain Barding Armor
33:33 Stone Shaft Mining
32:40 Cavalier
33:22 Farimba
33:07 Heavy Camel Rider
34:43 Crop Rotation
34:04 Fletching
35:11 Light Cavalry
36:38 Plate Barding Armor
GuptaTheFigher
10:38 Feudal Age
14:26 Castle Age
14:07 Double-Bit Axe
14:05 Horse Collar
16:42 Bow Saw
20:03 Fervor
23:49 Fletching
24:39 Heavy Plow
29:14 Imperial Age
28:00 Wheelbarrow
27:10 Town Watch
29:01 Chemistry
minhkhaidz204
9:50 Feudal Age
10:25 Feudal Age
15:10 Castle Age
13:25 Double-Bit Axe
13:42 Horse Collar
14:59 Loom
16:16 Bow Saw
18:42 Gold Mining
19:40 Fletching
20:57 Bodkin Arrow
22:35 Padded Archer Armor
26:19 Wheelbarrow
26:04 Red Cliffs Tactics
27:18 Gold Shaft Mining
28:59 Wheelbarrow
29:17 Leather Archer Armor
33:51 Imperial Age
31:49 Ballistics
31:55 Stone Mining
33:56 Elite Fire Archer
34:53 Hand Cart
35:09 Bracer
36:44 Chemistry
36:40 Stone Shaft Mining
38:07 Two-Man Saw
37:10 Heavy Plow
秦墨子
10:11 Feudal Age
12:05 Wheelbarrow
14:32 Castle Age
13:24 Double-Bit Axe
14:02 Horse Collar
20:51 Bow Saw
21:18 Heavy Plow
22:47 Gold Mining
23:02 Caravan
23:49 Hand Cart
24:23 Gold Shaft Mining
25:17 Stone Mining
28:16 Imperial Age
26:02 Loom
26:54 Stone Shaft Mining
26:06 Town Watch
26:57 Forging
26:53 Scale Barding Armor
28:36 Iron Casting
28:04 Husbandry
28:14 Bloodlines
28:14 Town Patrol
27:56 Cavalier
27:57 Heavy Camel Rider
29:01 Chain Barding Armor
29:51 Chemistry
29:18 Savar
30:55 Conscription
31:19 Ballistics
32:03 Blast Furnace
33:21 Plate Barding Armor
32:48 Padded Archer Armor
33:19 Thumb Ring
35:24 Two-Man Saw
34:58 Crop Rotation
Connection lost

Rejoining the realm…

Still unreachable

The connection could not be restored.

Session expired

The server has moved on; the page needs a fresh start.